 Dungeon Crawl Stone Soup version 0.24.1-4-ge52af88ad5 (webtiles) character file.

Game seed: 926951317131215257, levelgen mode: deterministic

191 HessuHobo the Chopper (level 5, -3/48 HPs)
             Began as a Minotaur Berserker on Apr 16, 2020.
             Was a Believer of Trog.
             Slain by Grinder (5 damage)
             ... on level 3 of the Dungeon.
             The game lasted 00:01:56 (2374 turns).

HessuHobo the Chopper (Minotaur Berserker)          Turns: 2374, Time: 00:01:58

Health: -3/48      AC:  2    Str: 23    XL:     5   Next: 41%
Magic:  4/4        EV: 13    Int:  4    God:    Trog [**....]
Gold:   68         SH:  0    Dex:  9    Spells: 4/4 levels left

rFire    . . .     SeeInvis .   a - +0 hand axe
rCold    + . .     Gourm    .   (no shield)
rNeg     . . .     Faith    .   b - +0 animal skin
rPois    .         Spirit   .   (helmet restricted)
rElec    .         Reflect  .   (no cloak)
rCorr    .         Harm     .   (no gloves)
MR       ++...                  (no boots)
Stlth    +.........             (no amulet)
HPRegen  1.16/turn              d - ring of protection from cold
MPRegen  0.09/turn              (no ring)

@: berserk cooldown, starving, regenerating, slowed, very slow
A: retaliatory headbutt, horns 2
a: Berserk, Trog's Hand, Renounce Religion


You were on level 3 of the Dungeon.
You worshipped Trog.
Trog was pleased with you.
You were starving.

You visited 1 branch of the dungeon, and saw 3 of its levels.

You collected 68 gold pieces.

Inventory:

Hand Weapons
 a - a +0 hand axe (weapon)
Armour
 b - a +0 animal skin (worn)
Jewellery
 d - a ring of protection from cold (left hand)
Scrolls
 l - 4 scrolls of amnesia {unknown}
Potions
 i - a potion of might {unknown}
Comestibles
 c - 6 rations


   Skills:
 + Level 5.2 Fighting
 + Level 5.2 Axes
 + Level 2.9 Armour
 + Level 3.5 Dodging
 + Level 0.3 Stealth


You had 4 spell levels left.
You didn't know any spells.
Your spell library was empty.

Dungeon Overview and Level Annotations

Branches:
Dungeon (3/15)

Altars:
Xom

Annotations:
D:3 Grinder


Innate Abilities, Weirdness & Mutations

You reflexively headbutt those who attack you in melee.
You have a pair of horns on your head.


Message History

The worm is heavily wounded.
Grinder says, "Mostly I couldn't keep them alive."
The worm bites you.
* * * LOW HITPOINT WARNING * * *
The bat barely misses you. Grinder hits you.
* * * LOW HITPOINT WARNING * * *
You writhe in agony.
* * * LOW HITPOINT WARNING * * *
The worm closely misses you. The bat misses you. You furiously retaliate!
You headbutt the bat.
You kill the bat!
Trog accepts your kill.
Your library has no spells.
Your skin crawls.
You feel resistant to hostile enchantments.
You are starving!
Grinder misses you. Grinder hits you.
* * * LOW HITPOINT WARNING * * *
You writhe in agony.
You die...

#.# #.# #.# #.#
# #.# #.#.#
#.#.######. #
#.w........
##.####@#######
.......5.......
......[.#######
###......#
....####.#
#########.##
...........#
####....#####
........'..<#


You could see Grinder and a worm.

Vanquished Creatures
  Purgy (D:3)
  A worker ant (D:2)
  2 adders (D:2)
  A worm (D:2)
  3 dart slugs
  4 leopard geckos
  6 bats
  4 goblins
  2 hobgoblins (D:2)
  7 jackals (D:1)
  3 kobolds
  A quokka (D:2)
  A ball python (D:1)
  A frilled lizard (D:1)
  4 rats
41 creatures vanquished.

Notes
Turn   | Place    | Note
-------+----------+-------------------------------------------
     0 | D:1      | HessuHobo the Minotaur Berserker began the quest for the
                  | Orb.
     0 | D:1      | Reached XP level 1. HP: 19/19 MP: 0/0
   142 | D:1      | Reached XP level 2. HP: 26/27 MP: 1/1
   847 | D:2      | Reached XP level 3. HP: 24/33 MP: 2/2
   965 | D:2      | Reached ** piety under Trog
  1247 | D:2      | Reached XP level 4. HP: 35/41 MP: 3/3
  1514 | D:2      | Found a shimmering altar of Xom.
  1515 | D:2      | Found a shimmering altar of Xom.
  1515 | D:2      | Found a shimmering altar of Xom.
  1601 | D:2      | Found a shimmering altar of Xom.
  1602 | D:2      | Found a shimmering altar of Xom.
  2357 | D:3      | Noticed Purgy
  2358 | D:3      | Noticed Grinder
  2366 | D:3      | Killed Purgy
  2366 | D:3      | Reached skill level 5 in Fighting
  2366 | D:3      | Reached skill level 5 in Axes
  2366 | D:3      | Reached XP level 5. HP: 44/48 MP: 4/4
  2374 | D:3      | HP: 2/48 [Grinder (4)]
  2374 | D:3      | Slain by Grinder

Levels and vault maps discovered:
D:1:      ebering_trefoil_twist, layout_loops_ring
D:2:      layout_basic, hangedman_decor_opposing, xom_redecorated
D:3:      layout_basic, first_ration, nicolae_ru_the_path_less_chosen,
          uniq_purgy, uniq_terence, uniq_ijyb, uniq_grinder, uniq_natasha

Skill      XL: |  1  2  3  4 |
---------------+-------------+-----
Fighting       | 4 5 |  5.2
Axes           | 4 5 |  5.2
Dodging        | 3 |  3.5
Armour         | |  2.9
Stealth        | |  0.3

Action                   |  1- 3 |  4- 6 || total
-------------------------+-------+-------++-------
Melee: Hand axe          |    55 |    28 ||    83
       Headbutt          |     9 |     4 ||    13
Invok: Berserk           |     1 |     1 ||     2
       Trog's Hand       |       |     1 ||     1
  Use: Scroll            |       |     5 ||     5
  Eat: Chunk             |     1 |       ||     1
       Ration            |       |     1 ||     1
Armor: Animal skin       |     8 |     7 ||    15
Dodge: Dodged            |    40 |    40 ||    80
